AoeStats
← Lukaonadiet

Arena

506027091Analyzed
1v1 RM · 22d ago on Sep 12, 2026· 44m 31s· 2 players
Game mode
Random Map
Map size
Tiny (2 player)
Population
200
Speed
Normal
Resources
Standard
Victory
Conquest
Starting age
Dark Age
Ending age
Imperial Age
RankedLock teamsTeams togetherTeam positionsShared explorationLock speedFull tech treeHidden civsTurbo modeCheats
Victory
Defeat
🇿🇼 Byzantines · Zimbabwe
489
+11
🇺🇸 Teutons · United States
385
-11
Lukaonadiet
11:19 Feudal Age
11:50 Horse Collar
12:08 Double-Bit Axe
18:20 Castle Age
31:49 Imperial Age
32:07 Onager
35:35 Elite Teutonic Knight
36:38 Ironclad
38:33 Chemistry
41:06 Scale Mail Armor
42:34 Pikeman
Synovus NET
12:55 Feudal Age
15:20 Double-Bit Axe
15:18 Horse Collar
15:41 Gold Mining
16:54 Wheelbarrow
21:52 Castle Age
20:14 Scale Barding Armor
20:19 Forging
23:07 Heavy Plow
23:20 Bow Saw
24:02 Husbandry
24:56 Loom
25:54 Hand Cart
27:36 Loom
34:23 Imperial Age
32:40 Ballistics
34:34 Chain Barding Armor
34:50 Iron Casting
34:23 Cavalier
34:27 Capped Ram
36:20 Conscription
37:51 Chemistry
36:38 Treadmill Crane
37:59 Chemistry
38:47 Two-Man Saw
38:20 Crop Rotation
38:28 Gold Shaft Mining
37:50 Stone Mining
37:30 Paladin
39:37 Plate Barding Armor
Connection lost

Rejoining the realm…

Still unreachable

The connection could not be restored.

Session expired

The server has moved on; the page needs a fresh start.